 Dungeon Crawl Stone Soup version 0.28.0-49-g6dfe1f597d (webtiles) character file.

Game seed: 16199002578558371018

428 Zeld the Changer (level 6, -2/38 HPs)
             Began as an Octopode Transmuter on May 13, 2022.
             Killed from afar by Dowan (6 damage)
             ... with a puff of flame
             ... on level 5 of the Dungeon.
             The game lasted 00:06:38 (6541 turns).

Zeld the Changer (Octopode Transmuter)              Turns: 6541, Time: 00:06:38

Health: -2/38      AC:  1    Str: 11    XL:     6   Next: 98%
Magic:  12/12      EV: 13    Int: 15    God:
Gold:   68         SH:  0    Dex: 13    Spells: 3/13 levels left

rFire   . . .      SeeInvis .   a - +2 short sword (speed)
rCold   . . .      Faith    .   (no shield)
rNeg    . . .      Spirit   .   (helmet restricted)
rPois   +          Reflect  .   (no amulet)
rElec   .          Harm     .   n - ring of poison resistance
rCorr   .          Rampage  .   (no ring)
Will    .....                   (no ring)
Stlth   +++.......              (no ring)
HPRegen 0.12/turn               (no ring)
MPRegen 0.13/turn               (no ring)
                                (no ring)
                                (no ring)

@: no status effects
A: almost no armour, amphibious, 8 rings, camouflage 1, gelatinous body 1,
(nimble swimmer 1), tentacles
a: no special abilities


You were on level 5 of the Dungeon.
You visited 1 branch of the dungeon, and saw 6 of its levels.

You collected 68 gold pieces.

Inventory:

Hand Weapons
 a - a +2 short sword of speed (weapon)
Jewellery
 n - a ring of poison resistance (left tentacle)
Scrolls
 b - a scroll of enchant weapon {unknown}
 c - 5 scrolls of identify {unknown}
 d - 2 scrolls of teleportation {unknown}
 e - a scroll of brand weapon {unknown}
 f - a scroll of holy word {unknown}
 h - 4 scrolls of blinking {unknown}
 i - a scroll of fear {unknown}
 l - a scroll of immolation {unknown}
 m - 2 scrolls of torment {unknown}
 p - a scroll of fog {unknown}
Potions
 g - 2 potions of haste {unknown}
 j - a potion of ambrosia {unknown}
 k - a potion of lignification {unknown}
 o - 2 potions of curing {unknown}


   Skills:
 - Level 1.0 Fighting
 - Level 2.0 Dodging
 + Level 3.6 Stealth
 - Level 3.0 Unarmed Combat
 * Level 4.1 Spellcasting
 * Level 4.3 Transmutations
 - Level 2.0 Ice Magic
 - Level 2.0 Poison Magic


You had 3 spell levels left.
You knew the following spells:

 Your Spells              Type           Power      Damage    Failure   Level
a - Beastly Appendage     Tmut           32%        N/A       3%          1
b - Wereblood             Tmut           16%        N/A       4%          2
c - Spider Form           Tmut/Pois      12%        N/A       14%         3
d - Ice Form              Ice/Tmut       12%        N/A       43%         4

Your spell library contained the following spells:

 Spells                   Type           Power      Damage    Failure   Level


Dungeon Overview and Level Annotations

Branches:
Dungeon (6/15)
 Temple: D:4-7

Altars:
Trog
Vehumet

Shops:
D:4 (

Annotations:
D:4 1 runed translucent door, Crazy Yiuf
D:5 Dowan, Duvessa


Innate Abilities, Weirdness & Mutations

You cannot wear most types of armour.
You are amphibious.
You can wear up to eight rings at the same time.
Your skin changes colour to match your surroundings (Stealth+).
Your rubbery body absorbs attacks. (AC +1, EV +1)
((You are camouflaged when in or above water. (Stealth+)))
You have tentacles for arms and can constrict up to eight enemies at once.


Message History

A killer bee zombie comes into view.
There is a stone staircase leading up here.
You climb upwards.
Level annotation: Dowan, Duvessa Dowan smirks and points a slender finger.
There is a stone staircase leading down here.
A howler monkey skeleton comes into view.
Dowan gestures wildly while chanting.
Dowan blinks!
A howler monkey skeleton is nearby!
You hit the howler monkey skeleton. You grab the howler monkey skeleton.
The howler monkey skeleton is moderately damaged.
You constrict the howler monkey skeleton.
The howler monkey skeleton hits you.
You hit the howler monkey skeleton.
You tentacle-slap the howler monkey skeleton, but do no damage.
The howler monkey skeleton is heavily damaged.
You constrict the howler monkey skeleton.
You hit the howler monkey skeleton.
The howler monkey skeleton is severely damaged.
You constrict the howler monkey skeleton.
The howler monkey skeleton hits you.
You release your grip on the howler monkey skeleton.
Dowan gestures wildly while chanting.
Dowan blinks!
Dowan casts a spell at you. The puff of frost hits you!
Dowan hits you with a +0 dagger of venom.
You barely miss the howler monkey skeleton.
Your grab misses the howler monkey skeleton.
You squeeze the howler monkey skeleton.
You destroy the howler monkey skeleton!
Dowan barely misses you. Dowan casts a spell at you.
The puff of frost hits you!
* * * LOW HITPOINT WARNING * * *
Dowan says, "My weaknesses are her strengths!"
Dowan gestures at you while chanting. The puff of flame hits you.
You die...

...###.# #.#
#..###..#### ....##.#
#.# #### ####...
.##.##.# #.# #.. ##.###
.#...#.# #.# #..# #..# #
.......# #.# #..#
##..### .....### #e#
#..# ##(..... ..#.## #.#
#..# #....... ..#.#
#######.####..# #....#.#
....#
.......@......###....#.#
..###
#######.#####......$...#
..... #.# #.##........
..###.#
#.#####........... #.#
#>......###....##. .#
######....#^...# . .#
#.##.#....... .# #.#
.#....... #.# ##.#####


You could see Dowan.

Vanquished Creatures
  A scorpion (D:5)
  A water moccasin zombie (D:5)
  A water moccasin skeleton (D:5)
  A hound (D:4)
  An orc priest (D:4)
  3 orc wizards (D:4)
  A howler monkey zombie (D:5)
  A howler monkey skeleton (D:5)
  4 adders
  A white imp (D:6)
  2 ufetubi (D:5)
  2 dart slugs (D:2)
  5 orcs
  4 endoplasms
  3 giant cockroaches
  6 goblins
  5 hobgoblins
  3 jackals (D:4)
  2 quokkas
  3 training dummies (D:4)
  6 ball pythons
  4 bats
  3 frilled lizards (D:1)
  3 kobolds (D:1)
  4 rats
70 creatures vanquished.

Notes
Turn   | Place    | Note
-------+----------+-------------------------------------------
     0 | D:1      | Zeld the Octopode Transmuter began the quest for the Orb.
     0 | D:1      | Reached XP level 1. HP: 13/13 MP: 3/3
   548 | D:1      | Reached XP level 2. HP: 16/18 MP: 5/5
   551 | D:1      | Learned a level 2 spell: Wereblood
   708 | D:1      | Reached skill level 1 in Stealth
  1022 | D:1      | Found a faded altar of an unknown god.
  1644 | D:2      | Reached XP level 3. HP: 18/23 MP: 6/6
  1648 | D:2      | Learned a level 3 spell: Spider Form
  2233 | D:2      | Found a radiant altar of Vehumet.
  2373 | D:3      | Reached skill level 1 in Poison Magic
  2744 | D:3      | Reached XP level 4. HP: 23/28 MP: 6/8
  3688 | D:4      | Reached skill level 1 in Ice Magic
  3693 | D:4      | Reached XP level 5. HP: 20/33 MP: 7/9
  3705 | D:4      | Learned a level 4 spell: Ice Form
  3889 | D:4      | HP: 1/33 [orc priest/divine providence (12)]
  4728 | D:4      | Found a runed translucent door.
  4729 | D:4      | Noticed Crazy Yiuf
  5028 | D:4      | Found Eta Ackome's Firing Range.
  5158 | D:4      | Reached XP level 6. HP: 29/38 MP: 11/11
  5641 | D:5      | Entered Level 5 of the Dungeon
  6244 | D:5      | Found a bloodstained altar of Trog.
  6292 | D:5      | Noticed Duvessa
  6292 | D:5      | Noticed Dowan
  6498 | D:6      | Noticed an orc warrior
  6541 | D:5      | Killed from afar by Dowan

Illustrated notes

Levels and vault maps discovered:
D:1:      nzn_arrival_water_spiral, layout_loops_ring,
          nicolae_ecumenical_snake_handling, chequers_serial_rivers_large_b
D:2:      layout_basic, basic_altar, kennysheep_small_spiral,
          minmay_misc_feat_square, minivault_19, minmay_misc_feat_tiny
D:3:      layout_loops_corners
D:4:      layout_basic, nicolae_shop_firing_range, uniq_crazy_yiuf_cottage
D:5:      layout_loops_ring, marbit_many_paths, uniq_duvessa, uniq_menkaure
D:6:      layout_rooms, mainiacjoe_overflow_two_lobes

Skill      XL: |  1  2  3  4  5  6 |
---------------+-------------------+-----
Stealth        | 1 2 3 |  3.6
Poison Magic   | 1 2 |  2.0
Transmutations | 3 4 |  4.3
Ice Magic      | 1 2 |  2.0
Spellcasting   | 3 4 |  4.1
Fighting       | |  1.0
Dodging        | |  2.0
Unarmed Combat | |  3.0

Action                   |  1- 3 |  4- 6 || total
-------------------------+-------+-------++-------
Melee: Unarmed           |     6 |       ||     6
       Short sword       |    62 |   105 ||   167
       Constrict         |    15 |    22 ||    37
       Kick              |     4 |       ||     4
       Tentacles         |     9 |    22 ||    31
       Punch             |       |     5 ||     5
 Cast: Beastly Appendage |    10 |       ||    10
       Wereblood         |       |     2 ||     2
 Stab: Sleeping          |    10 |     4 ||    14
Armor: Skin              |     2 |     2 ||     4
Dodge: Dodged            |    27 |    31 ||    58
